 Dungeon Crawl Stone Soup version 0.23.2-1-ga50397a (webtiles) character file.

Game seed: 12092564072480594790

361 schauveau the Archer (level 6, -6/48 HPs)
             Began as a Centaur Hunter on Apr 26, 2019.
             Was an Initiate of Okawaru.
             Killed by divine providence
             ... invoked by an orc priest
              (16 damage)
             ... on level 4 of the Dungeon.
             The game lasted 00:07:21 (3122 turns).

schauveau the Archer (Centaur Hunter)               Turns: 3122, Time: 00:07:22

Health: -6/48      AC:  4    Str: 15    XL:     6   Next: 38%
Magic:  6/6        EV:  9    Int: 10    God:    Okawaru [......]
Gold:   70         SH:  0    Dex: 11    Spells: 5/5 levels left

rFire    . . .     SeeInvis .   a - +1 shortbow
rCold    . . .     Gourm    .   (shield currently unavailable)
rNeg     + . .     Faith    +   c - +0 leather armour
rPois    .         Spirit   .   (no helmet)
rElec    .         Reflect  .   (no cloak)
rCorr    .         Harm     .   (no gloves)
MR       .....                  (no barding)
Stlth    +.........             k - amulet of faith
HPRegen  0.16/turn              v - ring of positive energy
MPRegen  0.10/turn              (no ring)

@: very quick
A: large, hooves 3, deformed body, speed 2, tough skin 3
a: Renounce Religion


You were on level 4 of the Dungeon.
You worshipped Okawaru.
Okawaru was noncommittal.
You were not hungry.

You visited 2 branches of the dungeon, and saw 7 of its levels.

You collected 70 gold pieces.

Inventory:

Hand Weapons
 a - a +1 shortbow (weapon)
 b - a +0 spear
 o - a +0 blowgun
 q - a +0 short sword
Missiles
 d - 8 arrows (quivered)
 e - 99 stones
 i - 22 bolts
 l - 14 poisoned needles
 s - 8 curare-tipped needles
Armour
 c - a +0 leather armour (worn)
Jewellery
 k - an amulet of faith (around neck)
 v - a ring of positive energy (left hand)
Scrolls
 h - a scroll of amnesia
 p - 2 scrolls of remove curse
Potions
 g - a potion of curing {unknown}
 j - a potion of magic
 m - a potion of cancellation {unknown}
 n - a potion of agility {unknown}
 t - a potion of might
Comestibles
 f - 2 rations


   Skills:
 - Level 2.0 Fighting
 * Level 10.1 Bows
 - Level 1.3 Dodging
 - Level 0.4 Stealth


You had 5 spell levels left.
You didn't know any spells.
Your spell library was empty.

Dungeon Overview and Level Annotations

Branches:
Dungeon (6/15)             Temple (1/1) D:5

Altars:
Ashenzari
Cheibriados
Elyvilon
Gozag
Hepliaklqana
Makhleb
Okawaru
Qazlal
Ru
Trog
Vehumet
Wu Jian
Xom
Zin
The Shining One

Annotations:
D:4 Robin


Innate Abilities, Weirdness & Mutations

You have hooves in place of feet.
Armour fits poorly on your strangely shaped body.
You cover ground very quickly.
You have extremely tough skin. (AC +3)


Message History

Firing (i - inventory. (/) - cycle)
d - 9 arrows (quivered)
Press: ? - help, Shift-Dir - straight line, f/p - orc priest
Aim: an orc priest, wielding a +0 dagger and wearing a +2 ring mail of cold resistance (heavily wounded)
You shoot an arrow.
The arrow hits the orc priest but does no damage.
The orc priest is heavily wounded.
The orc closely misses you.
The orc priest hits you with a +0 dagger.
* * * LOW HITPOINT WARNING * * *
An orc comes into view. It is wielding a +0 club.
The orc shouts!
Items here: ( ) [ † an arrow; a +0 robe; a +0 dagger; an orc corpse The orc hits you with a +0 club.
* * * LOW HITPOINT WARNING * * *
The orc hits you with a +0 club.
* * * LOW HITPOINT WARNING * * *
The orc priest invokes the aid of Beogh against you.
Beogh smites you!
You die...

################
###########..............#
.............####..#####.#
#####.o###o.#........##.#
####..###..#.##..##.##.#
#.......#>(#.##..##.##.#
#.##..#o#..o(((......÷.#
#.##..#.((..@######.####
...........### #.#.#
##.########## #.# #.. #.#
## ### #.. ###


You could see an orc priest and 2 orcs.

Vanquished Creatures
  A scorpion (D:4)
  A howler monkey (D:2)
  2 hounds (D:4)
  A jelly (D:5)
  An orc wizard (D:4)
  A worker ant (D:4)
  3 gnolls (D:3)
  An adder (D:3)
  2 oozes
  An adder skeleton (D:4)
  2 worms (D:3)
  2 leopard geckos (D:3)
  5 orcs
  A ball python (D:3)
  8 bats
  2 giant cockroaches
  5 goblins
  4 hobgoblins
  7 jackals
  4 quokkas (D:3)
  3 frilled lizards
  6 kobolds
  A leopard gecko skeleton (D:5)
  5 rats
69 creatures vanquished.

Notes
Turn   | Place    | Note
-------+----------+-------------------------------------------
     0 | D:1      | schauveau the Centaur Hunter began the quest for the Orb.
     0 | D:1      | Reached XP level 1. HP: 17/17 MP: 1/1
   112 | D:1      | Reached XP level 2. HP: 13/24 MP: 2/2
   122 | D:1      | HP: 1/24 [hobgoblin/cursed -1 club (3)]
   123 | D:1      | Reached skill level 6 in Bows
   143 | D:1      | HP: 1/24 [jackal (1)]
   677 | D:3      | Noticed a howler monkey
   691 | D:2      | Killed a howler monkey
   691 | D:2      | Reached skill level 7 in Bows
   691 | D:2      | Reached XP level 3. HP: 10/29 MP: 3/3
   987 | D:4      | Reached XP level 4. HP: 5/36 MP: 4/4
   998 | D:4      | Reached skill level 8 in Bows
  1517 | D:3      | Reached XP level 5. HP: 30/41 MP: 5/5
  1602 | D:4      | Noticed Robin
  1822 | D:4      | Noticed a centaur
  2482 | D:3      | Reached skill level 9 in Bows
  2791 | D:4      | Reached XP level 6. HP: 31/48 MP: 6/6
  2855 | D:5      | Entered Level 5 of the Dungeon
  2864 | D:5      | Found a staircase to the Ecumenical Temple.
  2888 | Temple   | Entered the Ecumenical Temple
  2985 | Temple   | Became a worshipper of Warmaster Okawaru
  3047 | D:5      | Reached skill level 10 in Bows
  3122 | D:4      | Killed from afar by an orc priest

Skill      XL: |  1  2  3  4  5  6 |
---------------+-------------------+-----
Bows           | 7 8 9 10 | 10.1
Fighting       | |  2.0
Dodging        | |  1.3
Stealth        | |  0.4

Action                   |  1- 3 |  4- 6 || total
-------------------------+-------+-------++-------
Melee: Short sword       |    53 |    14 ||    67
       Kick              |    12 |    20 ||    32
       Spear             |       |    66 ||    66
 Fire: Shortbow          |    27 |    88 ||   115
  Use: Scroll            |       |    10 ||    10
  Eat: Ration            |       |     1 ||     1
       Chunk             |       |     2 ||     2
Armor: Leather armour    |    37 |    35 ||    72
Dodge: Dodged            |    39 |    65 ||   104
